 Dungeon Crawl Stone Soup version 0.26.1-2-gb8aa6d0cf2 (webtiles) character file.

Game seed: 11767649141848622574

92 Gwenloh the Sneak (level 4, 0/22 HPs)
             Began as a Spriggan Enchanter on Mar 26, 2021.
             Succumbed to a gnoll's poison
             ... on level 2 of the Dungeon.
             The game lasted 00:06:33 (1562 turns).

Gwenloh the Sneak (Spriggan Enchanter)              Turns: 1562, Time: 00:06:33

Health: 0/22       AC:  2    Str:  2 (4)  XL:     4   Next: 35%
Magic:  5/9        EV: 19    Int: 16 (17) God:
Gold:   44         SH:  0    Dex: 14 (16) Spells: 0/9 levels left

rFire    . . .     SeeInvis +   a - +1 dagger
rCold    . . .     Faith    .   (shield restricted)
rNeg     . . .     Spirit   .   b - +0 robe
rPois    .         Reflect  .   (helmet restricted)
rElec    .         Harm     .   (no cloak)
rCorr    .         Rampage  .   (gloves unavailable)
Will     .....     Rnd*Tele +   (boots unavailable)
Stlth    +++.......             (no amulet)
HPRegen  0.07/turn              g - ring of teleportation (curse)
MPRegen  0.11/turn              (no ring)

@: lethally poisoned (0 -> -18), confusing touch, very quick
A: very small, unfitting armour, see invisible, speed 3
a: no special abilities


You were on level 2 of the Dungeon.
You visited 1 branch of the dungeon, and saw 2 of its levels.

You collected 44 gold pieces.

Inventory:

Hand Weapons
 a - a +1 dagger (weapon)
Missiles
 i - 2 boomerangs (quivered)
Armour
 b - a +0 robe (worn)
Jewellery
 g - a cursed ring of teleportation (left hand)
Scrolls
 d - a scroll of remove curse {unknown}
 f - 2 scrolls of magic mapping {unknown}
 j - a scroll of identify {unknown}
Potions
 c - a potion of might {unknown}
 e - a potion of flight {unknown}
 h - a potion of degeneration


   Skills:
 + Level 1.0 Fighting
 + Level 1.7 Short Blades
 * Level 4.1 Dodging
 * Level 5.3 Stealth
 + Level 3.2 Spellcasting
 * Level 4.2 Hexes


You couldn't memorise any spells.
You knew the following spells:

 Your Spells              Type           Power        Failure   Level
a - Corona                Hex            17%          3%          1
b - Ensorcelled Hibernat  Hex/Ice        18%          12%         2
c - Confusing Touch       Hex            16%          10%         3
d - Dazzling Flash        Conj/Hex       18%          22%         3

Your spell library contained the following spells:

 Spells                   Type           Power        Failure   Level
 Tukima's Dance           Hex            16%          10%         3


Dungeon Overview and Level Annotations

Branches:
Dungeon (2/15)

Altars:


Innate Abilities, Weirdness & Mutations

You are very small and have problems with some larger weapons.
You are too small for most types of armour.
You have supernaturally acute eyesight. (SInv)
You cover ground extremely quickly.


Message History

You hit the gnoll but do no damage.
The gnoll hits you with a +2 whip of venom.
You are poisoned.
You completely miss the gnoll.
You feel sick.
The gnoll hits you with a +2 whip of venom!
* * * LOW HITPOINT WARNING * * *
You are more poisoned.
* * * LOW HITPOINT WARNING * * *
You feel sick.
* * * LOW HITPOINT WARNING * * *
You feel sick.
* * * LOW HITPOINT WARNING * * *
You feel sick.
It was a potion of degeneration.
There was something very wrong with that liquid.
You feel weakened.
You feel dopey.
You feel clumsy.
* * * LOW HITPOINT WARNING * * *
You feel sick.
You are too injured to fight recklessly!
You die...

#................... ###.......
#.##....######..... #.......
#.##...<# #....# #.......
#.##...†# #....# #.....[.
#.##....# #....# #.......
#.####### #....# ######## .)#
#...<############### ..#
#...........(.g.....
..#############.@.............g..
.................................
.....###########g....############
.....# #.....####### # ....>#
#............ #
...).###########.##......... #
.................##....<.... #
.................##......... #
.................##......... #


You could see a gnoll.

Vanquished Creatures
  2 gnolls (D:2)
  4 adders (D:2)
  A worm (D:2)
  A dart slug (D:1)
  2 leopard geckos (D:2)
  4 bats (D:1)
  2 giant cockroaches (D:1)
  3 goblins
  2 hobgoblins
  A kobold (D:1)
  A ball python (D:1)
  A frilled lizard (D:2)
  9 rats
33 creatures vanquished.

Notes
Turn   | Place    | Note
-------+----------+-------------------------------------------
     0 | D:1      | Gwenloh the Spriggan Enchanter began the quest for the Orb.
     0 | D:1      | Reached XP level 1. HP: 9/9 MP: 5/5
   240 | D:1      | Reached XP level 2. HP: 13/14 MP: 6/6
   243 | D:1      | Learned a level 2 spell: Ensorcelled Hibernation
   803 | D:2      | Reached XP level 3. HP: 17/17 MP: 5/8
   875 | D:2      | Reached skill level 5 in Stealth
  1254 | D:2      | Reached XP level 4. HP: 21/21 MP: 6/9
  1258 | D:2      | Learned a level 3 spell: Confusing Touch
  1262 | D:2      | Learned a level 3 spell: Dazzling Flash
  1390 | D:2      | Reached skill level 1 in Fighting
  1561 | D:2      | HP: 1/22 [poisoned by a gnoll]
  1562 | D:2      | Succumbed to a gnoll's poison

Illustrated notes

Levels and vault maps discovered:
D:1:      eino_arrival_cavern_c, layout_basic
D:2:      layout_basic

Skill      XL: |  1  2  3  4 |
---------------+-------------+-----
Stealth        | 5 |  5.3
Spellcasting   | 3 |  3.2
Hexes          | 4 |  4.2
Dodging        | 4 |  4.1
Fighting       | 1 |  1.0
Short Blades   | |  1.7

Action                   |  1- 3 |  4- 6 || total
-------------------------+-------+-------++-------
Melee: Dagger            |    86 |    27 ||   113
Throw: Boomerang         |     5 |       ||     5
 Cast: Corona            |     2 |       ||     2
       Ensorcelled Hiber |    21 |     9 ||    30
       Confusing Touch   |       |     1 ||     1
  Use: Potion            |       |     1 ||     1
 Stab: Sleeping          |    21 |     4 ||    25
Armor: Robe              |    11 |       ||    11
Dodge: Dodged            |    77 |    22 ||    99
